 Dungeon Crawl Stone Soup version 0.32-a0-534-ga61f84b8bd (webtiles) character file.

Game seed: 16146178882122587469

28 dasufuraisu the Shield-Bearer (level 3, -1/3 HPs)
             Began as a Gargoyle Fighter on Feb 28, 2024.
             Slain by a frilled lizard (2 damage)
             ... on level 1 of the Dungeon.
             The game lasted 00:24:24 (756 turns).

dasufuraisu the Shield-Bearer (Gargoyle Fighter)     Turns: 756, Time: 00:24:25

Health: -1/3       AC:  1    Str: 31    XL:     3   Next: 12%
Magic:  3/3        EV:  7    Int:  8    God:
Gold:   52         SH:  0    Dex:  9    Spells: 2/2 levels left

rFire   + + .        a - melded +0 flail
rCold   x . .        c - melded +0 buckler
rNeg    + . .        b - melded +0 scale mail
rPois   ∞            (helmet currently unavailable)
rElec   .            (cloak currently unavailable)
rCorr   .            (gloves currently unavailable)
SInv    .            (boots currently unavailable)
Will    .....        (no amulet)
Stlth   +            (no ring)
HPRegen 0.20/turn    (no ring)
MPRegen 0.08/turn

%: no passive effects
@: dragon-form, flying
A: dragon claw, dragon scales, breathe fire, flying, reduced hp, sickness
immunity, AC +3, giant, negative energy resistance 1, (electricity resistance),
torment resistance 1, petrification resistance
a: Breathe Fire, Begin Untransformation


You were on level 1 of the Dungeon.
You were a fearsome dragon!
You visited 1 branch of the dungeon, and saw 1 of its levels.

You collected 52 gold pieces.

Inventory:

Hand Weapons
 a - a +0 flail (melded)
Armour
 b - a +0 scale mail (melded)
 c - a +0 buckler (melded)
Talismans
 h - a dragon-blood talisman (active)
Scrolls
 e - a scroll of immolation {unknown}
 g - a scroll of enchant weapon {unknown}
Potions
 d - a potion of might
 f - a potion of degeneration {unknown}


   Skills:
 + Level 3.6 Fighting
 + Level 2.2 Maces & Flails
 + Level 3.6 Armour
 + Level 0.2 Dodging
 + Level 3.8 Shields


You had 2 spell levels left.
You didn't know any spells.
Your spell library contained the following spells:

 Spells                   Type           Power      Damage    Failure   Level
 Mercury Vapours          Alch/Air       0%         N/A       54%         2
 Mephitic Cloud           Conj/Alch/Air  0%         N/A       78%         3
 Freezing Cloud           Conj/Ice/Air   0%         6-21      100%        5


Dungeon Overview and Level Annotations

Branches:
Dungeon (1/15)

Altars:


Innate Abilities, Weirdness & Mutations

You are a fearsome dragon!
You have a powerful clawing attack.
Your giant scaled body is strong and resilient, but less evasive.
You can breathe fire.
You are flying.
Your maximum health is decreased, since you lack skill for your form.
Your armour is entirely melded.
You are incapable of wielding weapons or throwing items.
You are immune to sickness and miasma.
((Your stone body is resilient. (AC +3)))
You are immune to poison.
You resist negative energy. (rN+)
((You are resistant to electric shocks. (rElec)))
You are resistant to unholy torment.
You are immune to petrification.


Message History

HP restored.
There is a dry fountain here.
You open the door.
You see here a +0 dagger.
There is an open door here.
You now have 52 gold pieces (gained 9).
There is an open door here.
There is a dry fountain here.
There is an empty arch of ancient stone, spattered with blood here.
You see here a +0 spear.
Found a dragon-blood talisman.
You see here a dragon-blood talisman.
You see here a dragon-blood talisman.
Press: ? - help, v - describe, . - travel, g - get item Item here: a dragon-blood talisman.
The floor.
h - a dragon-blood talisman Unknown command.
There are no items here.
Adjust to which letter? (? for menu, Esc to quit)
Okay, then.
You begin transforming.
You continue transforming. x3
You turn into a fearsome dragon!
Your +0 flail melds into your body.
Your +0 buckler melds into your body.
Your +0 scale mail melds into your body.
There is a stone staircase leading down here.
Found a robe.
A frilled lizard comes into view.
The frilled lizard hisses angrily.
Press: ? - help, v - describe, . - travel, g - get item Item here: a robe.
The floor.
The frilled lizard barely misses you.
You barely miss the frilled lizard. The frilled lizard bites you.
Ouch! That really hurt!
A frilled lizard is nearby!
The frilled lizard attacks as it pursues you!
The frilled lizard bites you.
Ouch! That really hurt!
You die...

....##...##.#.#####.#
....##...##.#.....#
#...##...##.#.#####
.#................#
.##..#.####.#.###.#
.##...........# #.#
#.#....#..##### #.# #
..#..>...########.#.#
###...>###.....lD[..# ###...##
#..........#
.......###..........#
###.#....########+#.#
###.##.#.# ...
....##.#.#####################
###.##.#.....................#
####.##########.....######.#
#.#.................# #.#


You could see a frilled lizard.

Vanquished Creatures
  A gnoll (D:1)
  A dart slug (D:1)
  A ball python (D:1)
  An endoplasm (D:1)
  A giant cockroach (D:1)
  2 goblins (D:1)
  A hobgoblin (D:1)
  A quokka (D:1)
  5 bats (D:1)
14 creatures vanquished.

Notes
Turn   | Place    | Note
-------+----------+-------------------------------------------
     0 | D:1      | dasufuraisu the Gargoyle Fighter began the quest for the
                  | Orb.
     0 | D:1      | Reached XP level 1. HP: 14/14 MP: 1/1
   278 | D:1      | Reached XP level 2. HP: 19/19 MP: 2/2
   588 | D:1      | Found a faded altar of an unknown god.
   606 | D:1      | Reached XP level 3. HP: 18/23 MP: 3/3
   756 | D:1      | Slain by a frilled lizard

Illustrated notes

Levels and vault maps discovered:
D:1:      lightli_arrival_windingriver, layout_basic,
          shapermc_ecumenical_altar_venn

Action                     || total
---------------------------++-------
  Melee: Flail             ||    58
         Unarmed           ||     1
 Armour: Scale mail        ||    51
         Skin              ||     2
  Dodge: Dodged            ||    29
  Block: Buckler           ||    17
   Form: Dragon            ||     1

Table legend: (Time is in decaauts)
 A = Elapsed time spent in this place.
 B = Non-inter-level travel time spent in this place.
 C = Inter-level travel time spent in this place.
 D = Time resting spent in this place.
 E = Time spent auto-exploring this place.
 F = Levels seen in this place.
 G = Mean time per level.
                   A        B        C        D        E       F      G
               +--------+--------+--------+--------+--------+-----+--------+
         Total |    775 |    770 |      5 |      0 |    534 |   1 |  775.0 |
       Dungeon |    775 |    770 |      5 |      0 |    534 |   1 |  775.0 |
               +--------+--------+--------+--------+--------+-----+--------+

Top non-repeatable levels by time:
     D:1: 775 daAuts
